 Dungeon Crawl Stone Soup version 0.17-a0-755-g4391640 (webtiles) character file.

281 ololoev the Digger (level 5, -5/41 HPs)
             Began as a Demigod Wanderer on Apr 22, 2015.
             Slain by oplop's ghost (7 damage)
             ... on level 4 of the Dungeon.
             The game lasted 00:23:19 (6100 turns).

ololoev the Digger (Demigod Wanderer)               Turns: 6100, Time: 00:23:20

Health: -5/41      AC:  2    Str: 14    XL:     5   Next: 77%
Magic:  10/10      EV: 12    Int: 20    God:
Gold:   158        SH:  5    Dex: 14    Spells: 1 memorised, 6 levels left

rFire  . . .     SeeInvis +     a - +2 trident (venom)
rCold  . . .     Clarity  .     d - +0 robe
rNeg   + . .     SustAb   +     h - +0 buckler
rPois  .         Gourm    .     (no helmet)
rElec  .         Spirit   .     (no cloak)
rCorr  .         Warding  .     (no gloves)
rMut   .         Stasis   .     (no boots)
MR     .....                    (no amulet)
Stlth  +.........               F - ring of see invisible
                                i - ring of positive energy

@: very slightly contaminated, hasted, glowing, very quick, not resistant to
hostile enchantments, very unstealthy
A: high mp 1, sustain abilities
a: no special abilities


Innate Abilities, Weirdness & Mutations

You have an increased reservoir of magic (+10% MP).
Your attributes are resistant to harm.

Inventory:

Hand weapons
 a - a +2 trident of venom (weapon)
 q - a +0 blowgun
 A - a +1 spear of chaos
Missiles
 b - 17 stones (quivered)
 m - 12 poisoned needles
Armour
 d - a +0 robe (worn)
 h - a +0 buckler (worn)
 E - a +2 robe of magic resistance
Jewellery
 i - a ring of positive energy (left hand)
 F - a ring of see invisible (right hand)
Scrolls
 e - a scroll of enchant armour
 g - 6 scrolls of teleportation
 o - a scroll of blinking
 u - a scroll of fear {unknown}
 w - a scroll of enchant weapon {unknown}
 C - a scroll of remove curse
Potions
 c - a potion of lignification
 n - 2 potions of magic
 t - 3 potions of flight
 y - a potion of brilliance {unknown}
 D - a potion of invisibility {unknown}
Books
 j - a book of Geomancy

   Spells                             Type                      Level
   a - Sandblast                      Earth                        1
   b - Stoneskin                      Transmutation/Earth          2
   c - Passwall                       Transmutation/Earth          3
   d - Stone Arrow                    Conjuration/Earth            3
   e - Petrify                        Transmutation/Earth          4
   f - Lee's Rapid Deconstruction     Earth                        5
 r - a book of Fire

   Spells                             Type                      Level
   a - Ignite Poison                  Fire/Transmutation/Poison    3
   b - Fireball                       Conjuration/Fire             5
   c - Bolt of Fire                   Conjuration/Fire             6
   d - Delayed Fireball               Conjuration/Fire             7
   e - Ring of Flames                 Charms/Fire                  7
 B - a book of Air

   Spells                             Type                      Level
   a - Shock                          Conjuration/Air              1
   b - Swiftness                      Charms/Air                   2
   c - Repel Missiles                 Charms/Air                   2
   d - Flight                         Charms/Air                   3
   e - Static Discharge               Conjuration/Air              3
   f - Lightning Bolt                 Conjuration/Air              5
Comestibles
 f - 4 bread rations
 p - a beef jerky
 s - a slice of pizza
 x - a meat ration
 z - 3 chunks of flesh


   Skills:
 - Level 1.7 Fighting
 - Level 1.7 Dodging
 + Level 3.0 Shields
 - Level 1.0 Unarmed Combat
 - Level 1.5 Spellcasting
   Level 2.6 Transmutations
 * Level 4.0 Earth Magic
   Level 1.0 Evocations


You had 6 spell levels left.
You knew the following spells:

 Your Spells              Type           Power        Failure   Level  Hunger
a - Sandblast             Erth           ###...       4%          1    #......


You were on level 4 of the Dungeon.
You were not hungry.

You visited 1 branch of the dungeon, and saw 4 of its levels.

You collected 158 gold pieces.

...(#...........?#
..........###.....# .
....#.....# #...........
..........###..............
......###..##....##..=.....
........##..#.............. .
...#.##................#.##..
.............#..............
##..............@........#
....⌠.......#....W......#
..............##........#
..⌠.>.⌠#########........#####
$ #......# #..........$.###..
.⌠.. ### #.......####......
... .....##.................
⌠.⌠...........)..§<.....
.∩...............#####..

Notes
Turn   | Place    | Note
--------------------------------------------------------------
     0 | D:1      | ololoev, the Demigod Wanderer, began the quest for the Orb.
     0 | D:1      | ololoev set off with: a book of Geomancy, a scroll of teleportation, a potion of lignification, a +0 robe, a +0 club, a bread ration
     0 | D:1      | Reached XP level 1. HP: 17/17 MP: 3/3
   133 | D:1      | Learned a level 1 spell: Sandblast
   590 | D:1      | Reached skill level 1 in Spellcasting
   590 | D:1      | Reached XP level 2. HP: 16/24 MP: 0/5
  1449 | D:1      | Reached skill level 1 in Earth Magic
  1897 | D:2      | Reached XP level 3. HP: 27/29 MP: 7/7
  2988 | D:2      | Reached XP level 4. HP: 16/36 MP: 4/8
  4046 | D:2      | Reached skill level 3 in Earth Magic
  4055 | D:2      | Reached XP level 5. HP: 17/41 MP: 3/10
  4404 | D:2      | Found a shimmering altar of Xom.
  5192 | D:3      | Found a radiant altar of Vehumet.
  5578 | D:4      | Noticed oplop's ghost (average VSEn)
  5982 | D:4      | Reached skill level 4 in Earth Magic
  5983 | D:4      | Found a staircase to the Ecumenical Temple.
  6031 | D:4      | Found Asorgh's Book Boutique.
  6091 | D:4      | HP: 1/41 [oplop's ghost (4)]
  6100 | D:4      | Slain by oplop's ghost

Dungeon Overview and Level Annotations

Branches:
Dungeon (4/15)             Temple (0/1) D:4

Shops:
D:4 :

Annotations:
D:4 oplop's ghost, average VSEn


Message History

You fall asleep.
Oplop's ghost hits you!
You wake up.
Oplop's ghost completely misses you.
Wield which item (- for none, * to show all)? (? for menu, Esc to quit)
It begins to drip with poison!
a - a +2 trident of venom (weapon)
You hit oplop's ghost.
Oplop's ghost is almost destroyed.
Oplop's ghost hits you.
You barely miss oplop's ghost.
Oplop's ghost is almost destroyed.
Oplop's ghost hits you. x2
You barely miss oplop's ghost.
Oplop's ghost is almost destroyed.
Oplop's ghost barely misses you.
You hit oplop's ghost but do no damage.
Oplop's ghost is almost destroyed.
Oplop's ghost hits you.
Drink which item? (? for menu, Esc to quit)
Okay, then.
Read which item? (? for menu, Esc to quit)
Blink to where?
Press: ? - help, Dir - move target cursor, p - oplop's ghost
As you read the scroll of blinking, it crumbles to dust.
Oplop's ghost points at you and mumbles some strange words.
You fall asleep.
You feel a little less agile now.
Oplop's ghost screams, "I'll kill anyone who wants the ORB!"
Oplop's ghost hits you.
You wake up.
Read which item? (? for menu, Esc to quit)
Blink to where?
Press: ? - help, Dir - move target cursor
As you read the scroll of blinking, it crumbles to dust.
You are no longer glowing.
Oplop's ghost gestures at you while chanting.
You fall asleep.
Oplop's ghost casts a spell at you.
You are outlined in light.
You feel a strange force tugging at your mind.
Oplop's ghost hits you!
You wake up.
You die...

You could see oplop's ghost.

Vanquished Creatures
  A worker ant (D:4)
  14 gnolls (D:2)
  An adder (D:2)
  An ooze (D:1)
  2 worms (D:2)
  2 orcs (D:3)
  13 bats
  10 goblins
  11 hobgoblins
  9 jackals
  19 kobolds
  2 quokkas
  5 giant cockroaches
  2 giant geckos
  6 giant newts
  6 rats
104 creatures vanquished.

Action                   |  1- 3 |  4- 6 || total
-------------------------+-------+-------++-------
Melee: Unarmed           |    70 |       ||    70
       Whip              |   126 |    63 ||   189
       Trident           |       |    59 ||    59
       Spear             |       |    28 ||    28
 Cast: Sandblast         |    43 |    43 ||    86
  Use: Scroll            |     4 |     6 ||    10
       Potion            |       |     4 ||     4
 Stab: Sleeping          |     1 |       ||     1
  Eat: Chunk             |     8 |    11 ||    19

Vault maps used:
D:1:      sevenhm_arrival_forest_fort_small_6
D:2:      tgw_xom, small_statue_intersection
D:3:      vehumet_crystals, st_stairs_7
D:4:      nicolae_overflow_hidden_temple, temple_fountains, first_bread,
          serial_shops, shop_fountains, kennysheep_potato, uniq_robin,
          uniq_blork_the_orc
